[ AOE2 MATCH · #487170920 ]
UnrankedBurmese vs Saracens
[ REPLAY ANALYSIS · EXTRACTED FROM THE RECORDED GAME ]
Feudal
—
Castle
—
Imperial
—
| APM avg | 25.2 |
| APM peak | 33 |
| eAPM avg | 8.6 |
| Villagers / military | 10 / 0 |
Focus
⚔️ 8.3% · 🌾 91.7%
Feudal
—
Castle
—
Imperial
—
| APM avg | 68.4 |
| APM peak | 87 |
| eAPM avg | 9.5 |
| Villagers / military | 19 / 0 |
Focus
⚔️ 0.0% · 🌾 100.0%
Feudal
—
Castle
—
Imperial
—
| APM avg | 18.0 |
| APM peak | 42 |
| eAPM avg | 9.4 |
| Villagers / military | 17 / 0 |
Focus
⚔️ 6.2% · 🌾 93.8%
Feudal
—
Castle
—
Imperial
—
| APM avg | 12.8 |
| APM peak | 29 |
| eAPM avg | 6.7 |
| Villagers / military | 11 / 0 |
Focus
⚔️ 21.4% · 🌾 78.6%
Feudal
—
Castle
—
Imperial
—
| APM avg | 6.7 |
| APM peak | 10 |
| eAPM avg | 5.4 |
| Villagers / military | 13 / 0 |
Focus
⚔️ 0.0% · 🌾 100.0%
Feudal
—
Castle
—
Imperial
—
| APM avg | 18.9 |
| APM peak | 32 |
| eAPM avg | 7.9 |
| Villagers / military | 14 / 0 |
Focus
⚔️ 3.6% · 🌾 96.4%
Feudal
—
Castle
—
Imperial
—
| APM avg | 11.5 |
| APM peak | 29 |
| eAPM avg | 8.1 |
| Villagers / military | 12 / 0 |
Focus
⚔️ 0.0% · 🌾 100.0%
Feudal
—
Castle
—
Imperial
—
| APM avg | 16.7 |
| APM peak | 26 |
| eAPM avg | 9.4 |
| Villagers / military | 11 / 0 |
Focus
⚔️ 2.3% · 🌾 97.7%
Match map
Initial resources + every placement click. Lines = walls · curves = elevation contours. ◆ gold · ⬟ stone · ● berries · ✦ relic · ◌ wall gap
Your base
空空's base
CostKey41562389's base
Iceman301289's base
Mario4420's base
saqibomer's base
mirlind.mavriqi's base
timon_1994's base
Smoothed initial terrain · ◌ = detected wall gap · hover for details
Inputs per minute
— PANACEA - - 空空
Build order — PANACEA
16 actions detected in the replay
| 0:04 | Build | House |
| 0:04 | Create | Villager (Male) |
| 0:05 | Create | Villager (Male) |
| 0:05 | Create | Villager (Male) |
| 0:06 | Build | House |
| 0:11 | Research | Loom |
| 0:44 | Create | Villager (Male) |
| 2:23 | Build | Palisade Wall |
| 2:57 | Create | Villager (Male) |
| 3:00 | Create | Villager (Male) |
| 3:00 | Create | Villager (Male) |
| 3:01 | Create | Villager (Male) |
| 4:00 | Build | Palisade Wall |
| 4:13 | Create | Villager (Male) |
| 4:17 | Create | Villager (Male) |
| 4:40 | Build | Outpost |
Build order — 空空
25 actions detected in the replay
| 0:03 | Build | House |
| 0:11 | Create | Villager (Male) |
| 0:11 | Research | Loom |
| 0:12 | Create | Villager (Male) |
| 0:12 | Create | Villager (Male) |
| 0:12 | Create | Villager (Male) |
| 0:36 | Build | House |
| 0:37 | Build | House |
| 1:25 | Create | Villager (Male) |
| 1:25 | Create | Villager (Male) |
| 1:32 | Build | House |
| 1:35 | Build | House |
| 2:13 | Create | Villager (Male) |
| 2:13 | Create | Villager (Male) |
| 2:54 | Create | Villager (Male) |
| 3:15 | Create | Villager (Male) |
| 3:16 | Create | Villager (Male) |
| 3:31 | Create | Villager (Male) |
| 3:55 | Create | Villager (Male) |
| 3:55 | Create | Villager (Male) |
| 4:00 | Create | Villager (Male) |
| 4:00 | Create | Villager (Male) |
| 4:52 | Create | Villager (Male) |
| 4:53 | Create | Villager (Male) |
| 4:53 | Create | Villager (Male) |
Build order — CostKey41562389
18 actions detected in the replay
| 0:03 | Research | Loom |
| 0:04 | Create | Villager (Male) ×4 |
| 0:04 | Create | Villager (Male) ×4 |
| 0:14 | Build | House |
| 0:15 | Build | House |
| 0:17 | Build | House |
| 0:18 | Build | House |
| 0:35 | Build | Palisade Wall |
| 2:46 | Create | Villager (Male) |
| 2:46 | Create | Villager (Male) |
| 3:18 | Create | Villager (Male) |
| 4:09 | Create | Villager (Male) |
| 4:09 | Create | Villager (Male) |
| 4:09 | Create | Villager (Male) |
| 4:10 | Create | Villager (Male) |
| 4:57 | Create | Villager (Male) |
| 4:57 | Create | Villager (Male) |
| 5:09 | Build | Palisade Wall |
Build order — Iceman301289
19 actions detected in the replay
| 0:03 | Create | Villager (Male) |
| 0:03 | Create | Villager (Male) |
| 0:04 | Create | Villager (Male) |
| 0:04 | Create | Villager (Male) |
| 0:04 | Create | Villager (Male) |
| 0:10 | Build | House |
| 0:12 | Build | House |
| 0:46 | Build | Palisade Wall |
| 1:02 | Build | House |
| 1:02 | Build | House |
| 1:39 | Build | Palisade Wall |
| 1:58 | Create | Villager (Male) |
| 1:58 | Create | Villager (Male) |
| 2:47 | Create | Villager (Male) |
| 2:47 | Create | Villager (Male) |
| 3:34 | Research | Loom |
| 3:34 | Research | Loom |
| 3:34 | Create | Villager (Male) |
| 3:35 | Create | Villager (Male) |
Build order — Mario4420
23 actions detected in the replay
| 0:16 | Build | House |
| 0:24 | Build | House |
| 0:29 | Build | House |
| 0:36 | Build | House |
| 0:41 | Build | House |
| 0:49 | Build | House |
| 1:06 | Create | Villager (Male) |
| 1:07 | Create | Villager (Male) |
| 1:07 | Create | Villager (Male) |
| 1:08 | Create | Villager (Male) |
| 1:08 | Create | Villager (Male) |
| 1:10 | Research | Loom |
| 3:39 | Create | Villager (Male) |
| 3:39 | Create | Villager (Male) |
| 3:39 | Create | Villager (Male) |
| 3:52 | Build | House |
| 4:03 | Build | House |
| 4:12 | Create | Villager (Male) |
| 4:12 | Create | Villager (Male) |
| 4:12 | Create | Villager (Male) |
| 4:45 | Create | Villager (Male) |
| 4:46 | Create | Villager (Male) |
| 5:22 | Build | House |
Build order — saqibomer
17 actions detected in the replay
| 0:06 | Build | House |
| 0:10 | Build | House |
| 0:56 | Create | Villager (Male) |
| 0:56 | Create | Villager (Male) |
| 0:56 | Create | Villager (Male) |
| 0:57 | Create | Villager (Male) |
| 0:57 | Create | Villager (Male) |
| 2:50 | Create | Villager (Male) |
| 2:50 | Create | Villager (Male) |
| 2:51 | Create | Villager (Male) |
| 3:15 | Create | Villager (Male) |
| 3:30 | Create | Villager (Male) |
| 3:30 | Create | Villager (Male) |
| 4:18 | Create | Villager (Male) |
| 4:42 | Create | Villager (Male) |
| 4:42 | Create | Villager (Male) |
| 4:50 | Build | Lumber Camp |
Build order — mirlind.mavriqi
15 actions detected in the replay
| 0:02 | Create | Villager (Male) ×4 |
| 0:03 | Research | Loom |
| 0:11 | Build | House |
| 0:13 | Build | House |
| 0:17 | Build | House |
| 0:46 | Build | Lumber Camp |
| 0:58 | Build | House |
| 2:08 | Create | Villager (Male) |
| 2:54 | Create | Villager (Male) |
| 2:54 | Create | Villager (Male) |
| 3:18 | Create | Villager (Male) |
| 3:49 | Create | Villager (Male) |
| 3:49 | Create | Villager (Male) |
| 4:37 | Create | Villager (Male) |
| 4:43 | Create | Villager (Male) |
Build order — timon_1994
15 actions detected in the replay
| 0:01 | Create | Villager (Male) |
| 0:01 | Create | Villager (Male) |
| 0:02 | Build | House |
| 0:03 | Build | House |
| 0:06 | Create | Villager (Male) |
| 0:06 | Create | Villager (Male) |
| 1:43 | Create | Villager (Male) |
| 2:00 | Create | Villager (Male) |
| 2:27 | Create | Villager (Male) |
| 2:39 | Build | Lumber Camp |
| 3:09 | Create | Villager (Male) |
| 3:10 | Create | Villager (Male) |
| 3:41 | Build | House |
| 3:51 | Create | Villager (Male) |
| 4:38 | Create | Villager (Male) |
Match timeline
| 0:35 | CostKey41562389 · wall_segment Palisade Wall x15 |
| 0:46 | Iceman301289 · wall_segment Palisade Wall x11 |
| 1:39 | Iceman301289 · wall_segment Palisade Wall x8 |
| 2:23 | PANACEA · wall_segment Palisade Wall x9 |
| 3:54 | Iceman301289 · resign |
| 4:00 | PANACEA · wall_segment Palisade Wall x8 |
| 5:09 | CostKey41562389 · wall_segment Palisade Wall x1 |
[ AI ANALYSIS · 1 CREDIT ]
What really happened in this match?
Wolo.gg analyzes every decision: build order, eco, micro, common mistakes by bracket. Personalized analysis on WhatsApp or Discord in 30 seconds.
Civ guide
Burmese
Perfil
PANACEA